AoeStats
← DKing

Arena

509974169Analyzed
4v4 RM · 2d ago on Sep 28, 2026· 35m 33s· 8 players
Game mode
Random Map
Map size
Large (8 player)
Population
200
Speed
Normal
Resources
Standard
Victory
Conquest
Starting age
Dark Age
Ending age
Imperial Age
RankedLock teamsTeams togetherTeam positionsShared explorationLock speedFull tech treeHidden civsTurbo modeCheats
Victory
Defeat
🇪🇸 Vikings · Spain
1392
+13
🇲🇽 Khmer · Mexico
1348
+15
🇫🇷 Ethiopians · France
1325
+16
🇲🇽 Mongols · Mexico
1304
+17
🇫🇮 Bohemians · Finland
1427
-19
🇨🇱 Cumans · Chile
1311
-15
🇬🇧 Persians · United Kingdom
1307
-14
🇵🇹 Goths · Portugal
1276
-13
TheFireKnight
8:15 Feudal Age
8:43 Double-Bit Axe
15:57 Castle Age
13:43 Horse Collar
16:56 Bow Saw
16:46 Heavy Plow
17:10 Loom
18:01 Wheelbarrow
19:40 Fervor
19:36 Town Watch
23:42 Hand Cart
23:59 Gold Mining
25:38 Stone Mining
28:30 Imperial Age
27:05 Town Patrol
29:12 Ballistics
28:44 Fletching
31:05 Chemistry
30:46 Double Crossbow
30:47 Bodkin Arrow
30:44 Heavy Scorpion
32:46 Siege Engineers
Agro
9:00 Feudal Age
9:31 Double-Bit Axe
9:28 Horse Collar
11:32 Loom
15:12 Castle Age
13:45 Stone Mining
14:48 Fletching
16:35 Wheelbarrow
17:19 Bodkin Arrow
25:05 Bow Saw
27:07 Forging
27:02 Scale Barding Armor
31:31 Imperial Age
29:07 Husbandry
29:17 Bloodlines
30:56 Iron Casting
30:41 Chain Barding Armor
33:54 Conscription
33:05 Cavalier
33:09 Heavy Camel Rider
35:48 Blast Furnace
35:26 Light Cavalry
Aspirante
10:59 Feudal Age
10:42 Loom
14:48 Castle Age
13:28 Double-Bit Axe
22:59 Scale Mail Armor
23:10 Forging
24:05 Horse Collar
30:57 Chieftains
31:18 Chain Mail Armor
31:38 Iron Casting
31:01 Loom
31:35 Man-at-Arms
32:16 Squires
32:30 Gold Mining
32:59 Long Swordsman
34:30 Arson
BlueStaR
12:49 Feudal Age
14:10 Horse Collar
14:18 Double-Bit Axe
14:25 Gold Mining
15:07 Stone Mining
17:18 Castle Age
18:56 Bow Saw
22:47 Imperial Age
21:18 Heavy Plow
24:37 Chemistry
23:57 Fletching
25:01 Ballistics
24:06 Crossbowman
27:12 Wheelbarrow
26:54 Bodkin Arrow
27:39 Arbalester
30:17 Thumb Ring
32:08 Gold Shaft Mining
32:09 Stone Shaft Mining
32:37 Two-Man Saw
32:13 Bracer
34:06 Hand Cart
34:01 Padded Archer Armor
35:31 Squires
35:47 Leather Archer Armor
35:33 Scale Mail Armor
35:44 Forging
36:22 Conscription
[Tumbis] The Fujur
9:01 Feudal Age
12:04 Loom
21:04 Castle Age
20:30 Forging
20:27 Scale Barding Armor
20:34 Bloodlines
20:35 Double-Bit Axe
26:10 Bow Saw
28:18 Horse Collar
DKing
2:28 Loom
10:41 Feudal Age
15:18 Castle Age
13:40 Double-Bit Axe
13:36 Horse Collar
16:34 Bow Saw
16:24 Heavy Plow
22:03 Wheelbarrow
24:04 Hand Cart
25:48 Town Watch
26:02 Gold Mining
30:57 Imperial Age
30:48 Forging
30:38 Scale Mail Armor
31:18 Anarchy
31:47 Squires
31:12 Elite Huskarl
33:03 Pikeman
35:18 Iron Casting
34:58 Chain Mail Armor
Flash
11:00 Feudal Age
14:37 Castle Age
12:24 Double-Bit Axe
12:25 Horse Collar
15:38 Bow Saw
16:18 Fervor
21:52 Sanctity
22:58 Wheelbarrow
22:57 Heavy Plow
25:38 Fletching
28:31 Padded Archer Armor
32:12 Imperial Age
31:54 Bodkin Arrow
33:40 Block Printing
[ITBB] RossMichael
11:04 Feudal Age
15:00 Castle Age
13:38 Double-Bit Axe
14:05 Horse Collar
20:57 Forging
21:04 Scale Barding Armor
21:22 Loom
22:28 Bow Saw
23:29 Wheelbarrow
23:40 Elite Skirmisher
24:21 Fletching
24:32 Padded Archer Armor
25:37 Bodkin Arrow
27:56 Forging
29:10 Leather Archer Armor
Connection lost

Rejoining the realm…

Still unreachable

The connection could not be restored.

Session expired

The server has moved on; the page needs a fresh start.